General information
- name: BNet
- type: Ladder 1vs1/FFA
- host: Battle.net
- saver: CarlosCoy
map: EchoIsles
- players: 2
- length: 10:25
- speed: Fast
- version: 1.26 W3XP
- replay type: Public
» download(29 KB)
Players
team 1 (loser)
AvalonSaber (
red | 43 APM | 439 actions | 10:13)
2 Demon Hunter
1 Immolation
1 Evasion
» actions
| Assign group hotkey | 9 | |
| Basic commands | 66 | |
| Build / train | 12 | |
| ESC pressed | 2 | |
| Enter build submenu | 3 | |
| Enter hero's abilities submenu | 2 | |
| Right click | 119 | |
| Select / deselect | 123 | |
| Select group hotkey | 75 | |
| Use ability | 28 | |
439 total
» units
» buildings
| Altar of Elders | 1 | |
| Moon Well | 1 | |
| Ancient of War | 1 | |
3 total
» build order
00:04 Altar of Elders
00:23 Moon Well
00:36 Ancient of War
team 2 (winner)
CarlosCoy (
blue | 74 APM | 772 actions | 10:25)
3 Goblin Tinker
2 Pocket Factory
1 Engineering Upgrade
» actions
| Assign group hotkey | 27 | |
| Basic commands | 21 | |
| Build / train | 54 | |
| ESC pressed | 5 | |
| Enter build submenu | 21 | |
| Enter hero's abilities submenu | 3 | |
| Right click | 291 | |
| Select / deselect | 147 | |
| Select group hotkey | 155 | |
| Use ability | 48 | |
772 total
» units
| Peasant | 25 | |
| Forest Troll Shadow Priest | 1 | |
| Forest Troll Berserker | 1 | |
| Ogre Mauler | 1 | |
| Mud Golem | 1 | |
29 total
» upgrades
» buildings
| Lumber Mill | 1 | |
| Scout Tower | 11 | |
| Guard Tower | 18 | |
| Altar of Kings | 1 | |
| Farm | 4 | |
| Arcane Tower | 1 | |
| Keep | 1 | |
37 total
» build order
00:04 Lumber Mill
00:49 Scout Tower
01:02 Guard Tower
01:06 Scout Tower
01:20 Guard Tower
01:22 Scout Tower
01:40 Guard Tower
01:41 Guard Tower
01:47 Scout Tower
02:12 Guard Tower
03:31 Altar of Kings
03:43 Farm
04:00 Scout Tower
05:12 Scout Tower
05:18 Arcane Tower
05:19 Farm
05:39 Guard Tower
05:39 Guard Tower
05:45 Scout Tower
06:13 Scout Tower
06:23 Scout Tower
06:23 Scout Tower
06:28 Scout Tower
06:41 Guard Tower
06:45 Farm
06:49 Farm
06:55 Guard Tower
06:55 Guard Tower
07:01 Guard Tower
07:02 Guard Tower
07:17 Guard Tower
09:05 Guard Tower
09:13 Keep
Chat log
(00:19 / All) CarlosCoy: prepare your anus noobelf
(01:53 / All) CarlosCoy: LOL
(01:54 / All) CarlosCoy: yeah
(05:57 / All) CarlosCoy: lol
(07:20 / All) CarlosCoy: human is the master race
(07:30 / All) AvalonSaber: Only on small maps against night elves
(07:36 / All) CarlosCoy: human is the master race
(08:28 / All) CarlosCoy: rofl
(10:08 / All) AvalonSaber: What, I come back and you still haven't killed me?
(10:10 / All) AvalonSaber: pathetic